 Dungeon Crawl Stone Soup version 0.16.1-51-g6203257 (webtiles) character file.

7861 DeXoteric the Martial Artist (level 11, -16/73 HPs)
             Began as a Gargoyle Monk on July 7, 2015.
             Was an Elder of Qazlal.
             Demolished by a komodo dragon (18 damage)
             ... on level 1 of the Lair of Beasts on July 8, 2015.
             The game lasted 00:51:53 (14149 turns).

DeXoteric the Martial Artist (Gargoyle Monk)       Turns: 14149, Time: 00:51:53

Health: -16/73     AC: 20    Str: 14    XL:     11   Next: 21%
Magic:  11/11      EV: 10    Int: 12    God:    Qazlal [****..]
Gold:   631        SH: 11    Dex: 15    Spells: 0 memorised, 10 levels left

rFire  + . .     SeeInvis .       - Unarmed
rCold  . . .     Clarity  .     D - +2 scale mail {rF+}
rNeg   + . .     SustAb   .     R - +0 buckler
rPois  ∞         Gourm    .     a - +0 helmet
rElec  +         Spirit   .     G - +0 cloak
rCorr  .         Warding  .     r - +0 pair of gloves
rMut   .         Stasis   .     K - +1 pair of boots
MR     .....                    (no amulet)
Stlth  +.........               (no ring)
                                (no ring)

@: repel missiles, not resistant to hostile enchantments, very unstealthy
A: negative energy resistance 1, electricity resistance, unbreathing,
petrification resistance, rot immunity, AC +7
a: Upheaval, Elemental Force, Renounce Religion


You were on level 1 of the Lair of Beasts.
You worshipped Qazlal.
Qazlal was greatly pleased with you.
You were hungry.

You visited 3 branches of the dungeon, and saw 12 of its levels.

You collected 631 gold pieces.


Innate Abilities, Weirdness & Mutations

You are resistant to torment.
You are immune to poison.
Your stone body is very resilient (AC +7).
You resist negative energy.
You are resistant to electric shocks.
You can survive without breathing.
You are immune to petrification.
You are immune to rotting.


   Skills:
 - Level 10.4 Fighting
 + Level 0.0 Armour
 + Level 2.4 Dodging
 - Level 2.1 Stealth
 - Level 5.0 Shields
 + Level 13.7 Unarmed Combat
 + Level 0.0 Invocations


You had 10 spell levels left.
You didn't know any spells.

Inventory:

Missiles
 l - 3 curare-tipped needles {=f}
 H - 12 poisoned needles
Armour
 a - a +0 helmet (worn)
 r - a +0 pair of gloves (worn)
 s - the +0 leather armour "Jenuh" {rC+}

   It protects you from cold.
 u - a +2 pair of gloves
 A - a +2 scale mail of magic resistance
 D - a +2 scale mail of fire resistance (worn)
 G - a +0 cloak (worn)
 K - a +1 pair of boots (worn)
 R - a +0 buckler (worn)
Jewellery
 v - an uncursed ring of positive energy
Magical devices
 x - a wand of fireball (9)
Scrolls
 d - 5 scrolls of enchant weapon
 e - 4 scrolls of teleportation {@r4}
 g - 12 scrolls of remove curse
 i - a scroll of recharging
 j - a scroll of amnesia {unknown}
 m - 2 scrolls of enchant armour
 o - a scroll of blinking {unknown}
 q - a scroll of fog
 t - a scroll of magic mapping
 B - a scroll of noise {unknown}
 J - a scroll of fear {unknown}
 M - a scroll of torment {unknown}
 O - a scroll of random uselessness {unknown}
Potions
 c - 2 potions of agility
 h - a potion of heal wounds {@q2}
 k - a potion of flight
 n - 7 potions of curing {@q1}
 p - a potion of beneficial mutation {unknown}
 z - 3 potions of haste {@q3}
 C - a potion of magic {unknown}
 E - 2 potions of restore abilities
Books
 y - a Grand Grimoire {highlevel, unknown}

   This book is beyond your current level of understanding.

   Spells                             Type                      Level
   a - Aura of Abjuration             Summoning                    6
   b - Summon Greater Demon           Summoning                    7
   c - Malign Gateway                 Summoning/Translocation      7
   d - Summon Horrible Things         Summoning                    8
 I - a book of Ice

   Spells                             Type                      Level
   a - Ice Form                       Ice/Transmutation            4
   b - Metabolic Englaciation         Hexes/Ice                    5
   c - Ozocubu's Refrigeration        Ice                          6
   d - Bolt of Cold                   Conjuration/Ice              6
   e - Freezing Cloud                 Conjuration/Ice/Air          6
   f - Simulacrum                     Ice/Necromancy               6
 Q - a book of Control

   Spells                             Type                      Level
   a - Control Teleport               Charms/Translocation         4
   b - Control Undead                 Necromancy                   4
   c - Enslavement                    Hexes                        4
   d - Metabolic Englaciation         Hexes/Ice                    5
   e - Mass Confusion                 Hexes                        6
Miscellaneous
 T - a phial of floods
Comestibles
 b - 3 bread rations
 f - 6 meat rations

Dungeon Overview and Level Annotations

Branches:
Dungeon (10/15)            Temple (1/1) D:6            Lair (1/8) D:10
    Orc (0/4) D:10

Altars:
Ashenzari
Cheibriados
Dithmenos
Elyvilon
Fedhas
Gozag
Kikubaaqudgha
Makhleb
Nemelex Xobeh
Okawaru
Qazlal
Ru
Sif Muna
Trog
Vehumet
Xom
Yredelemnul
Zin
The Shining One

Shops:
D:5

% ......▒
▒f..▒▒▒▒▒..▒▒
......▒ ▒▒▒▒▒
▒▒..▒▒ .....▒▒
▒▒..▒▒ ....▒▒
▒▒▒▒▒▒ ▒▒▒..▒▒
...▒▒ ▒▒....▒▒▒
▒▒..▒▒▒ .▒▒▒
▒▒▒....}#.▒▒▒..▒▒
▒▒
▒.)......▒▒▒ll▒▒
.▒
▒▒........##l.▒▒
.▒
▒▒...........8▒▒
.▒▒▒...........▒▒▒
..▒#...........▒
▒..............)
▒▒..............▒
▒..÷...........▒
▒▒.............▒
▒▒............▒
▒▒............▒


You could see 3 komodo dragons.


Message History

The komodo dragon closely misses you.
You closely miss the komodo dragon.
The komodo dragon is heavily wounded.
The komodo dragon bites you!!
* * * LOW HITPOINT WARNING * * *
You barely miss the komodo dragon.
The komodo dragon is heavily wounded.
You hear an angry hiss.
The komodo dragon bites you!
* * * LOW HITPOINT WARNING * * *
Your scale mail prevents you from hitting the komodo dragon.
The komodo dragon is heavily wounded.
The komodo dragon closely misses you.
The komodo dragon hisses menacingly.
A komodo dragon comes into view.
The komodo dragon hisses angrily.
You hear an angry hiss.
The komodo dragon bites you!
* * * LOW HITPOINT WARNING * * *
A komodo dragon comes into view.
The komodo dragon closely misses you.
The komodo dragon bites you but does no damage.
You hit the komodo dragon.
The komodo dragon is lightly wounded.
The komodo dragon bites you!
* * * LOW HITPOINT WARNING * * *
You block the komodo dragon's attack. You block the komodo dragon's attack.
The komodo dragon barely misses you. The komodo dragon bites you!!
You die...

Action                   |  1- 3 |  4- 6 |  7- 9 | 10-12 || total
-------------------------+-------+-------+-------+-------++-------
Melee: Unarmed           |   140 |   307 |   698 |   476 ||  1621
  Use: Scroll            |       |       |     6 |    10 ||    16
 Stab: Sleeping          |       |     3 |       |       ||     3
  Eat: Chunk             |     1 |     9 |    18 |    15 ||    43

Vault maps used:
D:1:      lemuel_arrival_cross
D:2:      bloody_trog, uniq_terence
D:3:      lemuel_coloured_pillars_altar, overflow_temple_1_default
D:4:      first_bread, uniq_robin
D:5:      minitemple, serial_shops, shop
D:6:      temple_statues, serial_park, serial_park_gazebo, serial_park_tiny_1,
          moated_statue, st_stairs_14
D:8:      hangedman_ranch, uniq_grum
D:10:     lair_0_dummy, orc_0_dummy
Temple:   circular_temple_12

Notes
Turn   | Place    | Note
--------------------------------------------------------------
     0 | D:1      | DeXoteric, the Gargoyle Monk, began the quest for the Orb.
     0 | D:1      | Reached XP level 1. HP: 14/14 MP: 1/1
    41 | D:1      | Reached XP level 2. HP: 14/19 MP: 2/2
   470 | D:1      | Reached XP level 3. HP: 23/23 MP: 3/3
   639 | D:1      | Reached skill level 5 in Unarmed Combat
   823 | D:2      | Noticed Terence
  1172 | D:2      | Reached XP level 4. HP: 19/28 MP: 4/4
  1367 | D:1      | Killed Terence
  1646 | D:2      | Found a bloodstained altar of Trog.
  1910 | D:2      | Reached skill level 6 in Unarmed Combat
  1916 | D:2      | Reached XP level 5. HP: 20/32 MP: 5/5
  2517 | D:3      | Reached skill level 7 in Unarmed Combat
  2595 | D:3      | Reached XP level 6. HP: 34/37 MP: 6/6
  2940 | D:3      | Found an ancient bone altar of Kikubaaqudgha.
  3438 | D:3      | Found a shattered altar of Ashenzari.
  3776 | D:4      | Noticed Gargoyl's ghost (average GrBe)
  3803 | D:4      | Killed Gargoyl's ghost
  3803 | D:4      | Reached skill level 8 in Unarmed Combat
  3803 | D:4      | Reached XP level 7. HP: 25/41 MP: 7/7
  4125 | D:4      | HP: 3/41 [orc priest/divine providence (11)]
  4445 | D:4      | Noticed Robin
  4478 | D:4      | Killed Robin
  4622 | D:4      | Reached skill level 9 in Unarmed Combat
  4933 | D:5      | Entered Level 5 of the Dungeon
  5348 | D:5      | Found Enluma's Food Shoppe.
  5617 | D:5      | Reached XP level 8. HP: 46/46 MP: 8/8
  5629 | D:5      | Found a shimmering altar of Xom.
  5631 | D:5      | Found a basalt altar of Yredelemnul.
  5641 | D:5      | Found a shadowy altar of Dithmenos.
  5653 | D:5      | Found an iron altar of Okawaru.
  5845 | D:5      | Reached skill level 10 in Unarmed Combat
  6356 | D:6      | Reached skill level 4 in Fighting
  6762 | D:6      | Reached skill level 5 in Fighting
  6787 | D:6      | Found a staircase to the Ecumenical Temple.
  6798 | Temple   | Entered the Ecumenical Temple
  6879 | Temple   | Became a worshipper of Qazlal Stormbringer
  6879 | Temple   | Acquired Qazlal's first power
  6879 | Temple   | Acquired Qazlal's second power
  7652 | D:7      | Reached XP level 9. HP: 44/55 MP: 9/9
  7967 | D:7      | Reached skill level 6 in Fighting
  7967 | D:7      | Reached skill level 11 in Unarmed Combat
  8449 | D:7      | Reached skill level 7 in Fighting
  8612 | D:8      | Acquired Qazlal's third power
  9284 | D:8      | Reached skill level 8 in Fighting
  9325 | D:8      | Noticed Grum
  9588 | D:7      | Killed Grum
  9588 | D:7      | Reached skill level 12 in Unarmed Combat
  9612 | D:7      | Reached XP level 10. HP: 23/65 MP: 10/10
  9839 | D:8      | Reached skill level 9 in Fighting
 10418 | D:8      | Noticed a three-headed hydra
 10426 | D:8      | Killed a three-headed hydra
 10841 | D:9      | Acquired Qazlal's fourth power
 11014 | D:9      | Reached skill level 10 in Fighting
 11193 | D:9      | Reached skill level 13 in Unarmed Combat
 11700 | D:9      | Reached skill level 1 in Shields
 11969 | D:10     | Entered Level 10 of the Dungeon
 12018 | D:10     | Reached skill level 2 in Shields
 12052 | D:10     | Found a staircase to the Orcish Mines.
 12110 | D:10     | Reached skill level 3 in Shields
 12139 | D:10     | Reached XP level 11. HP: 53/73 MP: 11/11
 12455 | D:10     | Reached skill level 4 in Shields
 12931 | D:10     | Found a staircase to the Lair.
 13465 | Lair:1   | Entered Level 1 of the Lair of Beasts
 13756 | Lair:1   | Reached skill level 5 in Shields
 13797 | Lair:1   | Got an ancient leather armour
 13808 | Lair:1   | Identified the +0 leather armour "Jenuh" {rC+} (You found it on level 1 of the Lair of Beasts)
 14147 | Lair:1   | HP: 1/73 [komodo dragon (9)]
 14149 | Lair:1   | Demolished by a komodo dragon

Vanquished Creatures
  A hydra (D:8)
  A troll (D:10)
  A deep elf mage (D:10)
  A wyvern (D:7)
  6 yaks
  Grum (D:7)
  A hungry ghost (D:8)
  The ghost of Gargoyl the Skirmisher, an average GrBe of Trog (D:4)
  A water moccasin (Lair:1)
  A hippogriff (D:7)
  A porcupine (Lair:1)
  2 wolves (D:7)
  A soldier ant (D:10)
  An eye of draining (D:10)
  3 ice beasts
  2 phantoms (D:8)
  An orc warrior (D:9)
  A sky beast (D:9)
  2 ogres
  A wasp (D:10)
  4 centaurs
  A gnoll sergeant (D:8)
  5 giant frogs
  4 big kobolds
  3 scorpions
  A wyvern skeleton (D:8)
  5 wights (D:9)
  A jelly (D:10)
  12 killer bees (D:10)
  2 goliath beetles (D:8)
  4 crimson imps
  A wasp zombie (D:10)
  A giant frog zombie (D:5)
  2 centaur skeletons
  2 quasits
  2 hounds
  3 iguanas
  8 orc priests
  A giant frog skeleton (D:4)
  12 orc wizards
  10 worker ants
  2 sheep
  A killer bee zombie (D:6)
  A hound zombie (D:7)
  Terence (D:1)
  7 gnolls
  A worker ant zombie (D:8)
  Robin (D:4)
  18 adders
  8 river rats (Lair:1)
  3 shadow imps
  3 giant mites
  3 worms
  2 adder zombies
  2 adder skeletons
  8 giant geckos
  An ooze (D:3)
  56 orcs
  3 ball pythons
  3 bat skeletons
  5 giant cockroaches
  23 goblins
  21 hobgoblins
  13 jackals
  11 quokkas
  19 bats
  A giant gecko skeleton (D:5)
  A giant gecko zombie (D:6)
  A giant newt (D:1)
  A goblin zombie (D:7)
  19 kobolds
  2 kobold zombies (D:7)
  An orc zombie (D:7)
  19 rats
  3 ballistomycetes (D:9)
  2 plants
380 creatures vanquished.

Vanquished Creatures (others)
  2 giant spores (D:9)
  A plant (D:8)
3 creatures vanquished.

Grand Total: 383 creatures vanquished
